 Dungeon Crawl Stone Soup version 0.29-a0-643-ga013cefcf8 (webtiles) character file.

Game seed: 4416688334945831511

46 fernweh the Basher (level 3, -4/25 HPs)
             Began as a Gnoll Wanderer on June 20, 2022.
             Killed by nerve-wracking pain
             ... invoked by Jessica
              (7 damage)
             ... on level 2 of the Dungeon.
             The game lasted 00:04:58 (1229 turns).

fernweh the Basher (Gnoll Wanderer)                 Turns: 1229, Time: 00:04:59

Health: -4/25      AC:  7    Str: 14 (17) XL:     3   Next: 66%
Magic:  7/7        EV: 10    Int:  6 (8)  God:
Gold:   93         SH:  0    Dex:  8 (10) Spells: 7/7 levels left

rFire   . . .      SeeInvis .   l - +0 dagger (venom)
rCold   . . .      Faith    .   (no shield)
rNeg    . . .      Spirit   .   c - +0 ring mail
rPois   .          Reflect  .   (no helmet)
rElec   .          Harm     .   (no cloak)
rCorr   .          Rampage  .   (no gloves)
Will    .....                   k - +0 pair of boots
Stlth   +.........              (no amulet)
HPRegen 0.08/turn               (no ring)
MPRegen 0.10/turn               (no ring)

@: attractive
A: fangs 1, strong nose, distributed training
a: no special abilities


You were on level 2 of the Dungeon.
You visited 1 branch of the dungeon, and saw 2 of its levels.

You collected 93 gold pieces.

Inventory:

Hand Weapons
 a - a +2 mace
 e - a +1 vampiric dagger
 l - a +0 dagger of venom (weapon)
Missiles
 i - 5 poisoned darts (quivered)
 j - 3 stones
Armour
 c - a +0 ring mail (worn)
 k - a +0 pair of boots (worn)
Scrolls
 b - a scroll of silence
 d - a scroll of teleportation
Potions
 f - a potion of cancellation
 m - a potion of invisibility {unknown}


   Skills:
 + Level 0.9 Fighting
 + Level 0.9 Short Blades
 + Level 0.9 Long Blades
 + Level 0.9 Axes
 + Level 10.4 Maces & Flails
 + Level 0.9 Polearms
 + Level 0.9 Staves
 + Level 0.9 Slings
 + Level 0.9 Bows
 + Level 0.9 Crossbows
 + Level 0.9 Throwing
 + Level 4.5 Armour
 + Level 0.9 Dodging
 + Level 0.9 Stealth
 + Level 0.9 Shields
 + Level 0.9 Unarmed Combat
 + Level 2.8 Spellcasting
 + Level 0.6 Conjurations
 + Level 0.6 Hexes
 + Level 0.6 Summonings
 + Level 0.6 Necromancy
 + Level 0.6 Translocations
 + Level 0.6 Transmutations
 + Level 0.6 Fire Magic
 + Level 0.6 Ice Magic
 + Level 0.6 Air Magic
 + Level 0.6 Earth Magic
 + Level 0.6 Poison Magic
 + Level 2.7 Invocations
 + Level 2.6 Evocations


You had 7 spell levels left.
You didn't know any spells.
Your spell library was empty.

Dungeon Overview and Level Annotations

Branches:
Dungeon (2/15)

Altars:

Annotations:
D:2 Jessica


Innate Abilities, Weirdness & Mutations

You have very sharp teeth.
Your uncanny sense of smell can sniff out nearby items.
Your experience applies equally to all skills.


Message History

You hit the dart slug but do no damage. Your bite misses the dart slug.
You hit the dart slug.
The dart slug is poisoned.
The dart slug is moderately wounded.
The dart slug bites you.
Jessica gestures wildly.
You hit the dart slug.
The dart slug looks as sick as possible!
The dart slug is severely wounded.
You kill the dart slug!
Jessica casts a spell at you. Pain shoots through your body!
You see here a dart slug corpse.
It was a potion of cancellation.
You feel magically purged.
Drinking this now will have no effect.
It was a potion of degeneration.
There was something very wrong with that liquid.
You feel weakened.
You feel dopey.
You feel clumsy. Jessica casts a spell at you. You resist with some effort.
It was a potion of attraction.
You feel attractive to monsters. Jessica is attracted toward you.
You hit Jessica.
Jessica is poisoned.
Jessica is moderately wounded.
Jessica grins evilly.
Jessica hits you with a +0 club!
* * * LOW HITPOINT WARNING * * *
You closely miss Jessica. You bite Jessica, but do no damage.
Jessica is heavily wounded.
Jessica closely misses you.
You closely miss Jessica.
Jessica is severely wounded.
Jessica closely misses you.
You barely miss Jessica.
Jessica is severely wounded.
You hit Jessica but do no damage.
Jessica looks as sick as possible!
Jessica is severely wounded.
Jessica casts a spell at you. Pain shoots through your body!
You die...

#....##........... #.
#....##...........
###.###....##...........
..........##...........
#........#............
#........#............
##........#............ #.
#.........#.)..........
.##.....@...)†##.........
........@.....###.†#.####
## #....##....#.###...#<# .
..##....#.....^.# #.#.#.#
... ...............#..#...#
.....#.............#.##..##
.......<...##.....[#. #..#
..................... #.##
.......#.#..##. ∆ ..# #.#


You could see Jessica (extremely poisoned).

Vanquished Creatures
  An adder (D:2)
  A dart slug (D:2)
  4 ball pythons
  4 bats
  3 endoplasms (D:1)
  A giant cockroach (D:1)
  4 goblins
  5 hobgoblins (D:1)
  5 kobolds (D:1)
  A quokka (D:2)
  2 rats
31 creatures vanquished.

Notes
Turn   | Place    | Note
-------+----------+-------------------------------------------
     0 | D:1      | Reached skill level 10 in Maces & Flails
     0 | D:1      | fernweh the Gnoll Wanderer began the quest for the Orb.
     0 | D:1      | fernweh set off with the following items: a +2 mace, a
                  | scroll of silence, a +0 ring mail, a scroll of
                  | teleportation.
     0 | D:1      | Reached XP level 1. HP: 13/13 MP: 4/4
   160 | D:1      | Reached XP level 2. HP: 19/19 MP: 5/5
   736 | D:1      | Found a faded altar of an unknown god.
   742 | D:1      | Reached XP level 3. HP: 25/25 MP: 7/7
   915 | D:2      | Noticed Jessica
  1229 | D:2      | Killed from afar by Jessica

Illustrated notes

Levels and vault maps discovered:
D:1:      tarquinn_simple_flora_water_c, layout_basic,
          ebering_ecumenical_altar_abandoned, serial_corexii_hall,
          chequers_hall_statues_wall_a, corexii_hall_statues_l
D:2:      layout_rooms, basic_altar, uniq_jessica, uniq_robin, uniq_terence

Skill      XL: | |
---------------+-+-----
Maces & Flails | | 10.4
Fighting       | |  0.9
Short Blades   | |  0.9
Long Blades    | |  0.9
Axes           | |  0.9
Polearms       | |  0.9
Staves         | |  0.9
Slings         | |  0.9
Bows           | |  0.9
Crossbows      | |  0.9
Throwing       | |  0.9
Armour         | |  4.5
Dodging        | |  0.9
Stealth        | |  0.9
Shields        | |  0.9
Unarmed Combat | |  0.9
Spellcasting   | |  2.8
Conjurations   | |  0.6
Hexes          | |  0.6
Summonings     | |  0.6
Necromancy     | |  0.6
Translocations | |  0.6
Transmutations | |  0.6
Fire Magic     | |  0.6
Ice Magic      | |  0.6
Air Magic      | |  0.6
Earth Magic    | |  0.6
Poison Magic   | |  0.6
Invocations    | |  2.7
Evocations     | |  2.6

Action                   || total
-------------------------++-------
Melee: Mace              ||    17
       Bite              ||     7
       Dagger            ||    97
  Use: Potion            ||     3
Armor: Ring mail         ||    50
Dodge: Dodged            ||    54

Table legend: (Time is in decaauts)
 A = Elapsed time spent in this place.
 B = Non-inter-level travel time spent in this place.
 C = Inter-level travel time spent in this place.
 D = Time resting spent in this place.
 E = Time spent auto-exploring this place.
 F = Levels seen in this place.
 G = Mean time per level.
                   A        B        C        D        E       F      G
               +--------+--------+--------+--------+--------+-----+--------+
         Total |   1224 |   1224 |      0 |    343 |    551 |   2 |  612.0 |
       Dungeon |   1224 |   1224 |      0 |    343 |    551 |   2 |  612.0 |
               +--------+--------+--------+--------+--------+-----+--------+

Top non-repeatable levels by time:
     D:1: 999 daAuts
     D:2: 225 daAuts
